TOP OF THE 1ST |
Chesapeake Continentals batting - Pitching for Minnesota Loons : RHP Sjoerd Reynoud
|
Pitching: RHP Sjoerd Reynoud
|
|
Batting: RHB Dani Durán
|
0-0: Called Strike 0-1: Ball 1-1: Ground out 6-3 (Groundball, 6)
|
Batting: LHB Mathias Gudmestad
|
0-0: Ball 1-0: Called Strike 1-1: Ball 2-1: Foul Ball, location: 2F 2-2: Foul Ball, location: 2F 2-2: Strikes out swinging
|
Batting: RHB Ray Walker
|
0-0: Foul Ball, location: 2F 0-1: Foul Ball, location: 2F 0-2: Foul Ball, location: 2F 0-2: Ball 1-2: Fly out, F4 (Popup, 4MS)
|
Top of the 1st over - 0 runs, 0 hits, 0 errors, 0 left on base; Chesapeake 0 - Minnesota 0 |
BOTTOM OF THE 1ST |
Minnesota Loons batting - Pitching for Chesapeake Continentals : RHP Alfred Osuch
|
Pitching: RHP Alfred Osuch
|
|
Batting: RHB Dhyana Snigdha
|
0-0: Called Strike 0-1: Ball 1-1: Swinging Strike 1-2: Ground out 5-3 (Groundball, 56)
|
Batting: RHB Jimmy Fick
|
0-0: Called Strike 0-1: Called Strike 0-2: Foul Ball, location: 2F 0-2: Hit by Pitch
|
Batting: LHB Bennett Whitford
|
0-0: Called Strike 0-1: Ball 1-1: Ball 2-1: Grounds into double play, 6-4-3 (Groundball, 6)
|
Bottom of the 1st over - 0 runs, 0 hits, 0 errors, 0 left on base; Chesapeake 0 - Minnesota 0 |
TOP OF THE 2ND |
Chesapeake Continentals batting - Pitching for Minnesota Loons : RHP Sjoerd Reynoud
|
Batting: SHB Peer van Lochem
|
0-0: Called Strike 0-1: Ball 1-1: Ball 2-1: Swinging Strike 2-2: Strikes out swinging
|
Batting: LHB Bartholomew Bailey
|
0-0: Called Strike 0-1: Called Strike 0-2: Ball 1-2: Ball 2-2: Fly out, F3 (Line Drive, 34)
|
Batting: RHB Santiago Valentín
|
0-0: Ball 1-0: Foul Ball, location: 2F 1-1: Ball 2-1: Ball 3-1: Fly out, F9 (Flyball, 89D)
|
Top of the 2nd over - 0 runs, 0 hits, 0 errors, 0 left on base; Chesapeake 0 - Minnesota 0 |
BOTTOM OF THE 2ND |
Minnesota Loons batting - Pitching for Chesapeake Continentals : RHP Alfred Osuch
|
Batting: RHB Ángelo Delgado
|
0-0: Ball 1-0: Called Strike 1-1: Foul Ball, location: 2F 1-2: Foul Ball, location: 2F 1-2: Ball 2-2: Ball 3-2: Base on Balls
|
Batting: RHB Júlio Vargas
|
0-0: Called Strike 0-1: Grounds into double play, 6-4-3 (Groundball, 6)
|
Batting: RHB Luis Delvalle
|
0-0: Foul Ball, location: 2F 0-1: Ball 1-1: Fly out, F7 (Flyball, 78S)
|
Bottom of the 2nd over - 0 runs, 0 hits, 0 errors, 0 left on base; Chesapeake 0 - Minnesota 0 |
TOP OF THE 3RD |
Chesapeake Continentals batting - Pitching for Minnesota Loons : RHP Sjoerd Reynoud
|
Batting: RHB Otton Dis
|
0-0: SINGLE (Line Drive, 4D)
|
Batting: RHB Jim MacRach
|
0-0: Ball 1-0: Ball 2-0: 2-RUN HOME RUN (Flyball, 9LD), Distance : 333 ft
|
Batting: RHB Alfonso Morín
|
0-0: Ball 1-0: Called Strike 1-1: Foul Ball, location: 2F 1-2: Fly out, F8 (Flyball, 8RM)
|
Batting: RHB Dani Durán
|
0-0: Ball 1-0: Fly out, F8 (Flyball, 8RS)
|
Batting: LHB Mathias Gudmestad
|
0-0: Ball 1-0: Swinging Strike 1-1: Ball 2-1: Ball 3-1: Base on Balls
|
Batting: RHB Ray Walker
|
0-0: Ball 1-0: Fly out, F9 (Flyball, 9)
|
Top of the 3rd over - 2 runs, 2 hits, 0 errors, 1 left on base; Chesapeake 2 - Minnesota 0 |
BOTTOM OF THE 3RD |
Minnesota Loons batting - Pitching for Chesapeake Continentals : RHP Alfred Osuch
|
Batting: RHB José de la Cavallería
|
0-0: Fly out, F7 (Line Drive, 78D)
|
Batting: RHB Rubén Medina
|
0-0: Ball 1-0: Swinging Strike 1-1: DOUBLE (Line Drive, 7)
|
Batting: RHB Cody Jaeckel
|
0-0: Ball 1-0: Ball 2-0: Ground out 6-3 (Groundball, 6D)
|
Batting: RHB Dhyana Snigdha
|
0-0: Ball 1-0: Ball 2-0: Ball 3-0: Base on Balls
|
Batting: RHB Jimmy Fick
|
0-0: Called Strike 0-1: Foul Ball, location: 2F 0-2: Ball 1-2: Foul Ball, location: 2F 1-2: Ball 2-2: Ball 3-2: Base on Balls Rubén Medina to third Dhyana Snigdha to second
|
Batting: LHB Bennett Whitford
|
0-0: Ball 1-0: Called Strike 1-1: Ball 2-1: Ball 3-1: Foul Ball, location: 2F 3-2: Base on Balls Rubén Medina scores Dhyana Snigdha to third Jimmy Fick to second
|
Batting: RHB Ángelo Delgado
|
0-0: Ball 1-0: Ball 2-0: Ground out 4-3 (Groundball, 4)
|
Bottom of the 3rd over - 1 run, 1 hit, 0 errors, 3 left on base; Chesapeake 2 - Minnesota 1 |
TOP OF THE 4TH |
Chesapeake Continentals batting - Pitching for Minnesota Loons : RHP Sjoerd Reynoud
|
Batting: SHB Peer van Lochem
|
0-0: Swinging Strike 0-1: Ball 1-1: Ground out U3 (Groundball, 3)
|
Batting: LHB Bartholomew Bailey
|
0-0: Called Strike 0-1: Ground out U3 (Groundball, 3)
|
Batting: RHB Santiago Valentín
|
0-0: Called Strike 0-1: Ball 1-1: Ball 2-1: Ground out 5-3 (Groundball, 5S)
|
Top of the 4th over - 0 runs, 0 hits, 0 errors, 0 left on base; Chesapeake 2 - Minnesota 1 |
BOTTOM OF THE 4TH |
Minnesota Loons batting - Pitching for Chesapeake Continentals : RHP Alfred Osuch
|
Batting: RHB Júlio Vargas
|
0-0: Called Strike 0-1: Ball 1-1: Called Strike 1-2: Foul Ball, location: 2F 1-2: Strikes out swinging
|
Batting: RHB Luis Delvalle
|
0-0: Ball 1-0: Called Strike 1-1: Ball 2-1: Fly out, F9 (Line Drive, 89S)
|
Batting: RHB José de la Cavallería
|
0-0: Ground out 4-3 (Groundball, 4)
|
Bottom of the 4th over - 0 runs, 0 hits, 0 errors, 0 left on base; Chesapeake 2 - Minnesota 1 |
TOP OF THE 5TH |
Chesapeake Continentals batting - Pitching for Minnesota Loons : RHP Sjoerd Reynoud
|
Batting: RHB Otton Dis
|
0-0: Foul Ball, location: 2F 0-1: Ball 1-1: Called Strike 1-2: Foul Ball, location: 2F 1-2: Strikes out looking
|
Batting: RHB Jim MacRach
|
0-0: Foul Ball, location: 2F 0-1: Foul Ball, location: 2F 0-2: Reached via error on a dropped throw, E1
|
Batting: RHB Alfonso Morín
|
0-0: Ball 1-0: Grounds into double play, 5-4-3 (Groundball, 56)
|
Top of the 5th over - 0 runs, 0 hits, 1 error, 0 left on base; Chesapeake 2 - Minnesota 1 |
BOTTOM OF THE 5TH |
Minnesota Loons batting - Pitching for Chesapeake Continentals : RHP Alfred Osuch
|
Batting: RHB Rubén Medina
|
0-0: Ball 1-0: Foul Ball, location: 2F 1-1: SINGLE (Flyball, 7LS)
|
Batting: RHB Cody Jaeckel
|
0-0: Bunted foul 0-1: Sac Bunt - play at first, batter OUT! 5-4 Rubén Medina to second
|
Batting: RHB Dhyana Snigdha
|
0-0: Ball 1-0: Ball 2-0: Ball 3-0: Ground out 5-3 (Groundball, 56S) Rubén Medina to third
|
Batting: RHB Jimmy Fick
|
0-0: Ball 1-0: Ball 2-0: Ball 3-0: Called Strike 3-1: Foul Ball, location: 2F 3-2: Foul Ball, location: 2F 3-2: Fly out, F7 (Flyball, 78S)
|
Bottom of the 5th over - 0 runs, 1 hit, 0 errors, 1 left on base; Chesapeake 2 - Minnesota 1 |
TOP OF THE 6TH |
Chesapeake Continentals batting - Pitching for Minnesota Loons : RHP Sjoerd Reynoud
|
Batting: RHB Dani Durán
|
0-0: Ball 1-0: Called Strike 1-1: Called Strike 1-2: Strikes out swinging
|
Batting: LHB Mathias Gudmestad
|
0-0: Swinging Strike 0-1: Foul Ball, location: 2F 0-2: Fly out, F8 (Flyball, 8RD)
|
Batting: RHB Ray Walker
|
0-0: SINGLE (Groundball, 4S) (infield hit)
|
Batting: SHB Peer van Lochem
|
0-0: Called Strike 0-1: Foul Ball, location: 2F 0-2: Strikes out swinging
|
Top of the 6th over - 0 runs, 1 hit, 0 errors, 1 left on base; Chesapeake 2 - Minnesota 1 |
BOTTOM OF THE 6TH |
Minnesota Loons batting - Pitching for Chesapeake Continentals : RHP Alfred Osuch
|
Batting: LHB Bennett Whitford
|
0-0: Called Strike 0-1: Foul Ball, location: 2F 0-2: Ball 1-2: Foul Ball, location: 2F 1-2: Ball 2-2: Ball 3-2: Strikes out swinging
|
Batting: RHB Ángelo Delgado
|
0-0: Foul Ball, location: 2F 0-1: Ball 1-1: Foul Ball, location: 2F 1-2: Ground out 6-3 (Groundball, 6)
|
Batting: RHB Júlio Vargas
|
0-0: Ball 1-0: Foul Ball, location: 2F 1-1: Foul Ball, location: 2F 1-2: Ball 2-2: Foul Ball, location: 2F 2-2: SINGLE (Line Drive, 6D)
|
Batting: RHB Luis Delvalle
|
0-0: Called Strike 0-1: Foul Ball, location: 2F 0-2: Fly out, F9 (Flyball, 9S)
|
Bottom of the 6th over - 0 runs, 1 hit, 0 errors, 1 left on base; Chesapeake 2 - Minnesota 1 |
TOP OF THE 7TH |
Chesapeake Continentals batting - Pitching for Minnesota Loons : RHP Sjoerd Reynoud
|
Batting: LHB Bartholomew Bailey
|
0-0: Ball 1-0: Called Strike 1-1: Foul Ball, location: 2F 1-2: Foul Ball, location: 2F 1-2: Fly out, F7 (Flyball, 7LD)
|
Batting: RHB Santiago Valentín
|
0-0: Ball 1-0: Ball 2-0: Ground out 6-3 (Groundball, 6)
|
Batting: RHB Otton Dis
|
0-0: Ball 1-0: Swinging Strike 1-1: Swinging Strike 1-2: Strikes out swinging
|
Top of the 7th over - 0 runs, 0 hits, 0 errors, 0 left on base; Chesapeake 2 - Minnesota 1 |
BOTTOM OF THE 7TH |
Minnesota Loons batting - Pitching for Chesapeake Continentals : RHP Alfred Osuch
|
Batting: RHB José de la Cavallería
|
0-0: Ball 1-0: Called Strike 1-1: Ball 2-1: Fly out, F8 (Flyball, 89D)
|
Pitching: RHP Jason Martin
|
|
Batting: RHB Rubén Medina
|
0-0: Called Strike 0-1: Called Strike 0-2: Fly out, F8 (Flyball, 89D)
|
Batting: RHB Cody Jaeckel
|
0-0: Ball 1-0: Foul Ball, location: 2F 1-1: Ball 2-1: Called Strike 2-2: Ball 3-2: Fly out, F7 (Line Drive, 7D)
|
Bottom of the 7th over - 0 runs, 0 hits, 0 errors, 0 left on base; Chesapeake 2 - Minnesota 1 |
TOP OF THE 8TH |
Chesapeake Continentals batting - Pitching for Minnesota Loons : RHP Sjoerd Reynoud
|
Batting: RHB Jim MacRach
|
0-0: Foul Ball, location: 2F 0-1: Foul Ball, location: 2F 0-2: Ball 1-2: Ball 2-2: Foul Ball, location: 2F 2-2: SINGLE (Groundball, 34) (infield hit)
|
Batting: RHB Alfonso Morín
|
0-0: Ball 1-0: Ball 2-0: Ball 3-0: Called Strike 3-1: SINGLE (Line Drive, 8LM) Jim MacRach to second Runner from 2nd tries for 3rd, SAFE, no throw
|
Pinch Hitting: RHB Phil Oostermeer
|
0-0: Ball 1-0: Ball 2-0: Fly out, F9 (Flyball, 9)
|
Pitching: LHP Homer Robertson
|
|
Pinch Hitting: RHB Seth Rollins
|
0-0: Ball 1-0: Fly out, F7 (Flyball, 78D) Runner from 3rd tags up, SCORES, throw made
|
Pitching: RHP Aubrey McCrimmon
|
|
Batting: RHB Ray Walker
|
0-0: Ball 1-0: Ground out 5-3 (Groundball, 56S)
|
Top of the 8th over - 1 run, 2 hits, 0 errors, 1 left on base; Chesapeake 3 - Minnesota 1 |
BOTTOM OF THE 8TH |
Minnesota Loons batting - Pitching for Chesapeake Continentals : RHP Jason Martin
|
Now at 1B: Seth Rollins
|
|
Now in RF: Phil Oostermeer
|
|
Batting: RHB Dhyana Snigdha
|
0-0: Called Strike 0-1: Called Strike 0-2: Foul Ball, location: 2F 0-2: Ground out 6-3 (Groundball, 6)
|
Batting: RHB Jimmy Fick
|
0-0: Foul Ball, location: 2F 0-1: Swinging Strike 0-2: Ball 1-2: Ball 2-2: Foul Ball, location: 2F 2-2: Fly out, F3 (Popup, 3SF)
|
Batting: LHB Bennett Whitford
|
0-0: Fly out, F9 (Line Drive, 9)
|
Bottom of the 8th over - 0 runs, 0 hits, 0 errors, 0 left on base; Chesapeake 3 - Minnesota 1 |
TOP OF THE 9TH |
Chesapeake Continentals batting - Pitching for Minnesota Loons : RHP Aubrey McCrimmon
|
Batting: SHB Peer van Lochem
|
0-0: Ball 1-0: Ball 2-0: Ball 3-0: Called Strike 3-1: Foul Ball, location: 2F 3-2: Base on Balls
|
Batting: LHB Bartholomew Bailey
|
0-0: Called Strike Peer van Lochem steals 2nd base 0-1: Fly out, F9 (Line Drive, 89M)
|
Batting: RHB Santiago Valentín
|
0-0: Foul Ball, location: 2F 0-1: Ground out 6-3 (Groundball, 6)
|
Batting: RHB Otton Dis
|
0-0: Called Strike 0-1: Swinging Strike 0-2: Ball 1-2: Strikes out looking
|
Top of the 9th over - 0 runs, 0 hits, 0 errors, 1 left on base; Chesapeake 3 - Minnesota 1 |
BOTTOM OF THE 9TH |
Minnesota Loons batting - Pitching for Chesapeake Continentals : RHP Jason Martin
|
Pitching: LHP Cedric Zuercher
|
|
Batting: RHB Ángelo Delgado
|
0-0: Fly out, F7 (Flyball, 7S)
|
Batting: RHB Júlio Vargas
|
0-0: Ball 1-0: Ball 2-0: Foul Ball, location: 2F 2-1: Ball 3-1: Base on Balls
|
Pinch Runner at 1st Raúl Mateo:
|
|
Batting: RHB Luis Delvalle
|
0-0: Ball 1-0: Ball 2-0: Swinging Strike 2-1: Ball 3-1: Fly out, F9 (Flyball, 89M)
|
Batting: RHB José de la Cavallería
|
0-0: Called Strike 0-1: Ball 1-1: Ball 2-1: Ball 3-1: Foul Ball, location: 2F 3-2: Foul Ball, location: 2F 3-2: Strikes out swinging
|
Bottom of the 9th over - 0 runs, 0 hits, 0 errors, 1 left on base; Chesapeake 3 - Minnesota 1 |
|